 Dungeon Sprint DCSS version 0.27-a0-1090-gb115f176c6 (webtiles) character file.

Game seed: 8184695506822016854

13430 mhtbhm the Scorcher (level 11, 0/54 HPs)
             Began as a Deep Elf Fire Elementalist on Apr 28, 2021.
             Was the Champion of Vehumet.
             Slain by a tentacled starspawn (9 damage)
             ... in the Dungeon (Sprint V: "Ziggurat Sprint").
             The game lasted 00:07:23 (1100 turns).

mhtbhm the Scorcher (Deep Elf Fire Elementalist)    Turns: 1100, Time: 00:07:24

Health: 0/54       AC: 13    Str:  8    XL:     11   Next: 75%
Magic:  28/35      EV: 17    Int: 36    God:    Vehumet [******]
Gold:   0          SH:  5    Dex: 15    Spells: 8/46 levels left

rFire    + . .     SeeInvis .   C - +8 lance "Wyrmbane" {slay drac, rPois rF+ rC+ AC+3}
rCold    + . .     Faith    .   (no shield)
rNeg     . . .     Spirit   .   a - +0 robe
rPois    +         Reflect  +   (no helmet)
rElec    .         Harm     .   E - +2 cloak {Will+}
rCorr    .         Rampage  +   H - +2 pair of gloves {Str+3}
Will     ++...     NoTele   +   t - +1 pair of boots {rampage}
Stlth    ++++......             z - amulet of reflection
HPRegen  0.18/turn              u - +6 ring of intelligence
MPRegen  0.24/turn              v - +6 ring of intelligence

@: no status effects
A: no striking features
a: Renounce Religion


You were in the Dungeon.
You worshipped Vehumet.
Vehumet was exalted by your worship.
You visited 1 branch

Inventory:

Hand Weapons
 C - the +8 lance "Wyrmbane" (weapon) {slay drac, rPois rF+ rC+ AC+3}
   (You found it in the Dungeon)

   It affects your AC (+3).
   It protects you from fire.
   It protects you from cold.
   It protects you from poison.
Armour
 a - a +0 robe (worn)
 t - a +1 pair of boots of rampaging (worn)
 E - a +2 cloak of willpower (worn)
 H - a +2 pair of gloves of strength (worn)
Jewellery
 u - a +6 ring of intelligence (left hand)
 v - a +6 ring of intelligence (right hand)
 z - an amulet of reflection (around neck)
Wands
 w - a wand of flame (14)
 y - a wand of mindburst (7)
Scrolls
 h - a scroll of blinking
 m - 4 scrolls of amnesia
 n - 7 scrolls of fog
 o - a scroll of holy word
 p - 4 scrolls of identify
 q - a scroll of fear
 s - 4 scrolls of enchant weapon
 F - 2 scrolls of brand weapon
Potions
 b - 2 potions of brilliance
 c - 10 potions of curing
 d - 9 potions of heal wounds
 e - 9 potions of haste
 f - 7 potions of magic
 g - 3 potions of berserk rage
 i - 2 potions of invisibility
 j - 4 potions of resistance
 k - a potion of experience
 l - 6 potions of might
 x - a potion of lignification
Miscellaneous
 r - a phantom mirror
 B - a lightning rod (3/4)
 D - a piece from Xom's chessboard (15/15)
 J - a condenser vane
 K - a tin of tremorstones (2/2)
 L - a phantom mirror


   Skills:
 + Level 10.5 Dodging
 - Level 7.5 Stealth
 + Level 18.3 Spellcasting
 + Level 11.3 Conjurations
 + Level 18.9 Fire Magic
 * Level 5.0 Earth Magic
 + Level 11.6 Evocations


You had 8 spell levels left.
You knew the following spells:

 Your Spells              Type           Power      Damage    Failure   Level
a - Foxfire               Conj/Fire      100%       2x1d9     0%          1
b - Conjure Flame         Conj/Fire      97%        6-21      0%          3
c - Inner Flame           Hex/Fire       79%        N/A       1%          3
d - Sticky Flame          Conj/Fire      97%        2d11      0%          4
e - Fireball              Conj/Fire      48%        3d19      1%          5
f - Ignition              Fire           53%        3d15      1%          8
g - Shatter               Erth           31%        3d25*     100%        9
h - Lee's Rapid Deconstr  Erth           31%        3d17*     1%          5

Your spell library contained the following spells:

 Spells                   Type           Power      Damage    Failure   Level
 Iskenderun's Mystic Bla  Conj/Tloc      65%        2d13      1%          4
 Animate Skeleton         Necr           64%        N/A       1%          1
 Beastly Appendage        Tmut           64%        N/A       1%          1
 Pain                     Necr           100%       1d9       1%          1
 Sandblast                Erth           100%       2d20      1%          1
 Shock                    Conj/Air       100%       1d9       1%          1
 Summon Small Mammal      Summ           100%       N/A       1%          1
 Call Imp                 Summ           32%        N/A       1%          2
 Corpse Rot               Necr/Air       N/A        N/A       1%          2
 Passwall                 Tmut/Erth      41%        N/A       1%          2
 Poisonous Vapours        Pois/Air       64%        N/A       1%          2
 Static Discharge         Conj/Air       65%        N/A       1%          2
 Frozen Ramparts          Ice            64%        1d8       1%          3
 Mephitic Cloud           Conj/Pois/Air  57%        N/A       1%          3
 Stone Arrow              Conj/Erth      100%       3d13      1%          3
 Lightning Bolt           Conj/Air       32%        1d50      1%          5
 Airstrike                Air            16%        N/A       2%          4
 Call Canine Familiar     Summ           32%        N/A       3%          3
 Summon Guardian Golem    Hex/Summ       32%        N/A       3%          3
 Swiftness                Air            32%        N/A       3%          3
 Vampiric Draining        Necr           16%        2d8       3%          3
 Petrify                  Tmut/Erth      50%        N/A       3%          4
 Yara's Violent Unravell  Hex/Tmut       16%        3d8       8%          5
 Freezing Cloud           Conj/Ice/Air   28%        6-21      9%          6
 Summon Ice Beast         Ice/Summ       32%        N/A       10%         4
 Summon Lightning Spire   Summ/Air       32%        N/A       10%         4
 Borgnjor's Vile Clutch   Necr/Erth      25%        N/A       10%         5
 Agony                    Necr           32%        N/A       28%         5
 Eringya's Noxious Bog    Tmut/Pois      16%        N/A       36%         6
 Tornado                  Air            16%        N/A       100%        9


Dungeon Overview and Level Annotations

Branches:
Dungeon (1/1)

Altars:
Ashenzari
Cheibriados
Dithmenos
Elyvilon
Fedhas
Gozag
Hepliaklqana
Kikubaaqudgha
Makhleb
Nemelex Xobeh
Okawaru
Qazlal
Ru
Sif Muna
Trog
Uskayaw
Vehumet
Wu Jian
Xom
Yredelemnul
Zin
The Shining One
Beogh
Jiyva
Lugonu

Annotations:
D 1 transporter


Message History

The starspawn tentacle barely misses you.
You rampage towards the starspawn tentacle segment!
You hit the starspawn tentacle segment.
The starspawn tentacle segment is lightly damaged.
The starspawn tentacle grabs you. The starspawn tentacle constricts you.
A starspawn tentacle segment comes into view.
Unknown command.
Casting: Fireball (safe; 1% risk of failure)
Confirm with . or Enter, or press ? or * to list all spells.
Aiming: Sticky Flame (safe; 0% risk of failure)
Press: ? - help, Shift-Dir - straight line, f - tentacled starspawn
Aim: a tentacled starspawn (moderately damaged, 100% to hit)
The sticky flame hits the tentacled starspawn.
The tentacled starspawn is moderately damaged.
The starspawn tentacle loses its grip on you.
The tentacled starspawn is covered in liquid flames!
The tentacled starspawn burns!
The tentacled starspawn bites you!!
You block the tentacled starspawn's attack.
The starspawn tentacle grabs you. The starspawn tentacle constricts you.
A starspawn tentacle segment comes into view.
Unknown command.
Unknown command.
Okay, then.
Press: ? - help, v - describe, . - travel
Here: a tentacled starspawn (moderately damaged, covered in liquid flames)
The floor.
Aiming: Mindburst
Press: ? - help, Shift-Dir - straight line, f/p - tentacled starspawn
Aim: a tentacled starspawn (moderately damaged, covered in liquid flames, chance to affect: 19%)
Okay, then.
Aiming: Thunderbolt
Press: ? - help, Shift-Dir - straight line, f/p - tentacled starspawn
Aim: a tentacled starspawn (moderately damaged, covered in liquid flames)
The thunderbolt hits the tentacled starspawn!
The tentacled starspawn is heavily damaged.
The starspawn tentacle loses its grip on you.
The tentacled starspawn burns!
The tentacled starspawn bites you!!
* * * LOW HITPOINT WARNING * * *
The tentacled starspawn tentacle-slaps you!
You die...

▓......... ▓.▓...†.▓.
▓....©....
▓▓▓▓▓▓▓▓▓▓▓▓▓▓▓▓▓▓▓▓▓▓
▓...8©8...▓...8©8...▓.
▓..|[}[=".▓......}..▓.
▓..)})))..▓..)}")[..▓.
▓....─X...▓.........▓.
▓...w@w...▓.........▓.
▓.........▓.........▓.
▓.........▓.........▓.
▓..▓...▓..▓.........▓.
▓.▓.....▓.▓.▓.....▓.▓.
▓....©....▓....©....▓▓
▓▓▓▓▓▓▓▓▓▓▓▓▓▓▓▓▓▓▓▓▓


You could see a tentacled starspawn (burning) and 2 starspawn tentacles.

Vanquished Creatures
  An acid blob (D)
  A tentacled starspawn (D)
  A quicksilver ooze (D)
  A great orb of eyes (D)
  A large abomination (D)
  A wizard (D)
  A will-o-the-wisp (D)
  3 toenail golems (D)
  A black mamba (D)
  An eye of devastation (D)
  A freezing wraith (D)
  4 slime creatures (D)
  4 air elementals (D)
  A ynoxinul (D)
  Sigmund (D)
  2 small abominations (D)
  A golden eye (D)
  5 nagas (D)
  6 water moccasins (D)
  3 orc warriors (D)
  2 necrophages (D)
  Blork the orc (D)
  A wight (D)
  A quasit (D)
  4 orc priests (D)
  Crazy Yiuf (D)
  Jessica (D)
  6 orc wizards (D)
  2 adders (D)
  2 ufetubi (D)
  An adder skeleton (D)
  3 orcs (D)
  A bat skeleton (D)
  2 ball python skeletons (D)
  A giant cockroach zombie (D)
  A jackal skeleton (D)
  A quokka zombie (D)
71 creatures vanquished.

Vanquished Creatures (collateral kills)
  A rockslime (D)
1 creature vanquished.

Vanquished Creatures (others)
  2 wind drakes (D)
  2 foxfires (D)
4 creatures vanquished.

Grand Total: 76 creatures vanquished

Notes
Turn   | Place    | Note
-------+----------+-------------------------------------------
     0 | D        | mhtbhm the Deep Elf Fire Elementalist began the quest for
                  | the Orb.
     0 | D        | Reached XP level 1. HP: 10/10 MP: 6/6
     0 | D        | Found a shimmering blue altar of Sif Muna.
     0 | D        | Found a bloodstained altar of Trog.
     0 | D        | Found a sacrificial altar of Ru.
     0 | D        | Found a stormy altar of Qazlal.
     0 | D        | Found an iron altar of Okawaru.
     1 | D        | Found a sparkling altar of Nemelex Xobeh.
     1 | D        | Found a blossoming altar of Fedhas.
     2 | D        | Found the +6 Majin-Bo {vamp, MP+6 Int+6}
     2 | D        | Found the +9 heavy crossbow "Sniper" {vorpal, Acc+∞ SInv}
     2 | D        | Found the +10 dark maul {vorpal}
     2 | D        | Found the +15 Maxwell's patent armour {-Cast -Tele rElec
                  | Will+ rCorr}
     2 | D        | Found the +18 shield of the Gong {rElec rN+ Will+ EV-5}
     2 | D        | Found the +14 obsidian axe {vorpal, Drain Fly SInv}
     2 | D        | Found the +7 great mace "Firestarter" {inner flame, rF++}
     2 | D        | Found the +6 shillelagh "Devastator" {shatter}
     2 | D        | Found the +11 plutonium sword {Contam Stlth-}
     2 | D        | Found the +8 lance "Wyrmbane" {slay drac, rPois rF+ rC+
                  | AC+3}
     2 | D        | Found the +9 sword of Zonguldrok {reap}
     2 | D        | Found the +13 scythe of Curses {drain, Drain}
     2 | D        | Found the +5 sword of Power {vorpal}
     2 | D        | Found the +7 mace of Variability {chain chaos}
     2 | D        | Found the +7 Singing Sword {vorpal, sonic wave}
     2 | D        | Found the +8 storm bow {elec, penet}
     3 | D        | Found a transporter.
     3 | D        | Found an ancient bone altar of Kikubaaqudgha.
     3 | D        | Found a viscous altar of Jiyva.
     3 | D        | Found a corrupted altar of Lugonu.
     3 | D        | Found a hazy altar of Hepliaklqana.
     3 | D        | Found a burning altar of Makhleb.
     3 | D        | Found an opulent altar of Gozag.
    35 | D        | Became a worshipper of Vehumet
    59 | D        | Entered arena 2.
    59 | D        | Noticed a quasit
    59 | D        | Found a transporter.
    61 | D        | Killed a quasit
    62 | D        | Reached skill level 5 in Fire Magic
    62 | D        | Reached XP level 2. HP: 15/15 MP: 6/9
    62 | D        | Reached XP level 3. HP: 19/19 MP: 7/11
    66 | D        | Learned a level 3 spell: Conjure Flame
    70 | D        | Learned a level 3 spell: Inner Flame
    98 | D        | Entered arena 3.
    98 | D        | Noticed a toenail golem
    98 | D        | Noticed a toenail golem
    98 | D        | Noticed a toenail golem
    98 | D        | Found a transporter.
   111 | D        | Killed a toenail golem
   111 | D        | Reached * piety under Vehumet
   111 | D        | Offered knowledge of Freeze by Vehumet.
   112 | D        | Reached skill level 10 in Fire Magic
   112 | D        | Reached XP level 4. HP: 15/24 MP: 12/16
   112 | D        | Reached XP level 5. HP: 18/28 MP: 12/17
   112 | D        | Reached XP level 6. HP: 20/32 MP: 13/19
   113 | D        | Killed a toenail golem
   114 | D        | Reached skill level 5 in Evocations
   114 | D        | Reached XP level 7. HP: 23/36 MP: 14/22
   116 | D        | Killed a toenail golem
   116 | D        | Reached ** piety under Vehumet
   117 | D        | Reached skill level 10 in Spellcasting
   117 | D        | Reached XP level 8. HP: 24/41 MP: 17/24
   130 | D        | Learned a level 4 spell: Sticky Flame
   136 | D        | Learned a level 5 spell: Fireball
   343 | D        | Entered arena 4.
   343 | D        | Found a transporter.
   344 | D        | Offered knowledge of Static Discharge by Vehumet.
   379 | D        | Entered arena 5.
   379 | D        | Noticed Sigmund
   379 | D        | Noticed Jessica
   379 | D        | Noticed Blork the orc
   379 | D        | Noticed Crazy Yiuf
   379 | D        | Found a transporter.
   380 | D        | Killed Jessica
   380 | D        | Reached *** piety under Vehumet
   380 | D        | Killed Crazy Yiuf
   381 | D        | Killed Sigmund
   381 | D        | Killed Blork the orc
   427 | D        | Entered arena 6.
   427 | D        | Found a transporter.
   428 | D        | Found the ring of Shadows {Umbra +Inv Stlth+}
   428 | D        | Reached **** piety under Vehumet
   446 | D        | Entered arena 7.
   447 | D        | Found the +7 sceptre of Torment {pain, torment}
   447 | D        | Reached ***** piety under Vehumet
   450 | D        | Reached skill level 15 in Fire Magic
   450 | D        | Reached XP level 9. HP: 45/45 MP: 15/26
   450 | D        | Found a transporter.
   504 | D        | Entered arena 8.
   504 | D        | Noticed a wind drake
   504 | D        | Noticed a wind drake
   506 | D        | Killed a wind drake
   508 | D        | Killed a wind drake
   513 | D        | Found a transporter.
   630 | D        | Entered arena 9.
   631 | D        | Offered knowledge of Ignite Poison by Vehumet.
   631 | D        | Reached ****** piety under Vehumet
   632 | D        | Reached skill level 5 in Conjurations
   635 | D        | Found a transporter.
   697 | D        | Entered arena 10.
   697 | D        | Noticed a black mamba
   700 | D        | Killed a black mamba
   702 | D        | Reached XP level 10. HP: 47/50 MP: 14/29
   704 | D        | Found a transporter.
   714 | D        | Got the Incunabulum of Evil Snow
   734 | D        | Learned a level 8 spell: Ignition
   744 | D        | Learned a level 9 spell: Shatter
   809 | D        | Entered arena 11.
   810 | D        | Offered knowledge of Hailstorm by Vehumet.
   814 | D        | Found a transporter.
   877 | D        | Entered arena 12.
   877 | D        | Noticed a quicksilver ooze
   877 | D        | Noticed an acid blob
   877 | D        | Noticed a rockslime
   878 | D        | Noticed a great orb of eyes
   879 | D        | Killed a quicksilver ooze
   879 | D        | Noticed an eye of devastation
   880 | D        | Reached skill level 10 in Dodging
   880 | D        | Reached skill level 10 in Evocations
   881 | D        | Reached skill level 15 in Spellcasting
   882 | D        | Killed an acid blob
   883 | D        | Reached XP level 11. HP: 54/54 MP: 14/33
   883 | D        | Killed a great orb of eyes
   884 | D        | Found a transporter.
   887 | D        | Reached skill level 10 in Conjurations
   907 | D        | Killed a rockslime
   984 | D        | Got the Papyrus of Mutagenic Darkness
   986 | D        | Got the amulet of the Slug {rC+ Regen+ Str-2 Dex+8}
   988 | D        | Got the ring "Vipne" {rElec rC+ rN+ Str+4 Slay+2}
  1083 | D        | Learned a level 5 spell: Lee's Rapid Deconstruction
  1084 | D        | Entered arena 13.
  1084 | D        | Noticed a tentacled starspawn
  1084 | D        | Noticed a wizard
  1084 | D        | Noticed a large abomination
  1085 | D        | Offered knowledge of Iskenderun's Mystic Blast by Vehumet.
  1085 | D        | Killed a wizard
  1086 | D        | Killed a tentacled starspawn
  1086 | D        | Killed a large abomination
  1088 | D        | Reached skill level 5 in Earth Magic
  1095 | D        | Found a transporter.
  1095 | D        | Noticed a tentacled starspawn
  1100 | D        | Slain by a tentacled starspawn

Illustrated notes

Levels and vault maps discovered:
D:        sprint_v [room_start, room_1, room_2, room_3, room_4, room_5, room_6,
          room_7, room_8, room_9, room_10, room_11, room_12, room_13, room_14,
          room_15, room_16, room_17, room_18, room_19, room_20, room_21,
          room_22, room_23, room_24, room_25, room_26, room_27]

Skill      XL: |  1  2  3  4  5  6  7  8  9 10 11 |
---------------+----------------------------------+-----
Dodging        | 4 6 7 8 9 10 | 10.5
Stealth        | 3 6 7 |  7.5
Spellcasting   | 4 8 9 10 11 13 16 18 | 18.3
Fire Magic     | 5 10 12 13 15 16 17 18 | 18.9
Evocations     | 4 5 6 7 9 10 11 | 11.6
Conjurations   | 2 3 6 9 11 | 11.3
Earth Magic    | 5 |  5.0

Action                   |  1- 3 |  4- 6 |  7- 9 | 10-12 || total
-------------------------+-------+-------+-------+-------++-------
Melee: Lance             |       |       |       |     1 ||     1
 Cast: Fireball          |       |       |    19 |    15 ||    34
       Sticky Flame      |       |       |     4 |     1 ||     5
       Ignition          |       |       |       |     2 ||     2
Evoke: Wand              |    10 |     2 |     1 |     1 ||    14
       Lightning rod     |       |       |     2 |     1 ||     3
       Phantom mirror    |       |       |       |     1 ||     1
       Condenser vane    |       |       |       |     1 ||     1
  Use: Scroll            |     3 |       |     1 |     1 ||     5
       Potion            |       |       |     1 |     1 ||     2
Armor: Robe              |     2 |       |       |     2 ||     4
Dodge: Dodged            |     6 |       |     8 |     3 ||    17
Block: Other             |       |       |       |     1 ||     1

Table legend: (Time is in decaauts)
 A = Elapsed time spent in this place.
 B = Non-inter-level travel time spent in this place.
 C = Inter-level travel time spent in this place.
 D = Time resting spent in this place.
 E = Time spent auto-exploring this place.
 F = Levels seen in this place.
 G = Mean time per level.
                   A        B        C        D        E       F      G
               +--------+--------+--------+--------+--------+-----+--------+
         Total |   1079 |   1079 |      0 |    610 |      0 |   1 | 1079.0 |
       Dungeon |   1079 |   1079 |      0 |    610 |      0 |   1 | 1079.0 |
               +--------+--------+--------+--------+--------+-----+--------+

Top non-repeatable levels by time:
       D: 1079 daAuts
